 Dungeon Crawl Stone Soup version 0.20-a0-959-gdc9e609 (webtiles) character file.

4354 nubinia the Thaumaturge (level 10, -7/54 HPs)
             Began as a Deep Elf Necromancer on Apr 6, 2017.
             Was a Priest of Sif Muna.
             Mangled by a seven-headed hydra (14 damage)
             ... on level 1 of the Lair of Beasts.
             The game lasted 01:01:05 (10070 turns).

nubinia the Thaumaturge (Deep Elf Necromancer)     Turns: 10070, Time: 01:01:08

Health: -7/54      AC:  5    Str: 13    XL:     10   Next: 12%
Magic:  0/37       EV: 15    Int: 28    God:    Sif Muna [***...]
Gold:   517        SH:  7    Dex: 20    Spells: 12/32 levels left

rFire    . . .     SeeInvis .   p - +1 flail (protect)
rCold    + . .     Gourm    .   z - +0 buckler of the Good {Str+4}
rNeg     + + +     Faith    .   r - +0 robe
rPois    +         Spirit   +   L - +3 hat of Pondering {ponderous, MR+ MP+10 Int+5}
rElec    .         Reflect  +   E - scarf {Spirit}
rCorr    .         Harm     .   (no gloves)
MR       ++...                  (no boots)
Stlth    +++.......             B - amulet "Guny" {Reflect rN++ Str+4 SH+2}
Regen    0.2/turn               v - ring of protection from cold
MPRegen  0.3/turn               J - ring of Xom's Hope {rPois rN+ Dex+4}

@: divine energy, slow
A: no striking features
a: Stop Divine Energy, Channel Magic, Renounce Religion


You were on level 1 of the Lair of Beasts.
You worshipped Sif Muna.
Sif Muna was most pleased with you.
You were not hungry.

You visited 3 branches of the dungeon, and saw 10 of its levels.
You also visited: Sewer and Ossuary.

You collected 588 gold pieces.
You spent 71 gold pieces at shops.

Inventory:

Hand Weapons
 b - a +0 dagger
 p - a +1 flail of protection (weapon)
Armour
 r - a +0 robe (worn)
 t - a +1 helmet
 z - the +0 buckler of the Good (worn) {Str+4}
   (You acquired it on level 6 of the Dungeon)

   It affects your strength (+4).
 E - a scarf of spirit shield (worn)
 L - the +3 hat of Pondering (worn) {ponderous, MR+ MP+10 Int+5}
   (You took it off Gastronok on level 8 of the Dungeon)

   It affects your intelligence (+5).
   It affects your resistance to hostile enchantments.
   It affects your magic capacity (+10).
Jewellery
 v - a ring of protection from cold (left hand)
 B - the amulet "Guny" (around neck) {Reflect rN++ Str+4 SH+2}
   (You found it on level 6 of the Dungeon)

   [amulet of reflection]

   It shields you and reflects attacks.
   It affects your strength (+4).
   It greatly protects you from negative energy.
   It affects your SH (+2).
 J - the ring of Xom's Hope (right hand) {rPois rN+ Dex+4}
   (You found it on level 7 of the Dungeon)

   [ring of positive energy]

   It affects your dexterity (+4).
   It protects you from poison.
   It protects you from negative energy.
Wands
 w - a wand of flame (9/48)
 I - a wand of confusion (20/48)
 O - a wand of clouds (4/9)
Scrolls
 a - a scroll of identify
 i - a scroll of magic mapping {unknown}
 j - a scroll of remove curse
 k - a scroll of fear
 x - 8 scrolls of teleportation
 y - 2 scrolls of blinking
 A - a scroll of brand weapon {unknown}
 C - 2 scrolls of holy word
 D - a scroll of enchant armour
 K - a scroll of enchant weapon {unknown}
 M - a scroll of silence {unknown}
 N - a scroll of amnesia
Potions
 e - 2 potions of haste
 f - 2 potions of flight
 g - 7 potions of heal wounds
 l - 3 potions of ambrosia
 m - 3 potions of magic
 n - a potion of mutation
 o - 2 potions of invisibility
 q - 2 potions of might
 s - 2 potions of curing
 u - a potion of lignification
 G - a potion of cancellation
Books
 h - a book of Necromancy

   Spells                             Type                      Level
   a - Pain                           Necromancy                   1
   b - Animate Skeleton               Necromancy                   1
   c - Vampiric Draining              Necromancy                   3
   d - Regeneration                   Charms/Necromancy            3
   e - Animate Dead                   Necromancy                   4
   f - Control Undead                 Necromancy                   4
 H - a book of Minor Magic

   Spells                             Type                      Level
   a - Magic Dart                     Conjuration                  1
   b - Blink                          Translocation                2
   c - Call Imp                       Summoning                    2
   d - Slow                           Hexes                        2
   e - Conjure Flame                  Conjuration/Fire             3
   f - Mephitic Cloud                 Conjuration/Poison/Air       3
Comestibles
 c - 7 bread rations
 d - 6 meat rations
 F - 3 royal jellies
 P - a chunk of flesh


   Skills:
 + Level 2.5 Fighting
 + Level 0.2 Short Blades
 - Level 1.0 Maces & Flails
 + Level 4.6 Dodging
 + Level 4.6 Stealth
 + Level 1.2 Shields
 * Level 11.8 Spellcasting
 * Level 0.9 Conjurations
 * Level 5.8 Charms
 * Level 11.4 Necromancy
 * Level 0.2 Poison Magic
 + Level 0.2 Evocations


You had 12 spell levels left.
You knew the following spells:

 Your Spells              Type           Power        Failure   Level  Hunger
a - Pain                  Necr           ####         1%          1    None
b - Vampiric Draining     Necr           ######....   1%          3    None
c - Control Undead        Necr           ######....   1%          4    None
d - Magic Dart            Conj           ###.         3%          1    None
e - Mephitic Cloud        Conj/Pois/Air  ###.....     14%         3    None
D - Animate Dead          Necr           N/A          1%          4    None
R - Regeneration          Chrm/Necr      ######....   1%          3    None
S - Animate Skeleton      Necr           N/A          1%          1    None


Dungeon Overview and Level Annotations

Branches:
Dungeon (8/15)             Temple (1/1) D:5            Lair (1/6) D:8

Altars:
Ashenzari
Cheibriados
Dithmenos
Fedhas
Gozag
Hepliaklqana
Makhleb
Nemelex Xobeh
Okawaru
Qazlal
Sif Muna
Uskayaw
Vehumet
Xom
Yredelemnul
Zin
The Shining One

Shops:
D:4 ?


Message History

The seven-headed hydra bites you.
The seven-headed hydra bites you but does no damage.
Casting: Vampiric Draining
Confirm with . or Enter, or press ? or * to list all spells.
Aiming: Vampiric Draining
Press: ? - help, Shift-Dir - straight line, f/p - seven-headed hydra
Aim: a seven-headed hydra (heavily wounded)
The seven-headed hydra is heavily wounded.
You feel life coursing into your body.
The rime drake barely misses your crocodile zombie.
Your crocodile zombie bites the rime drake!
You block the seven-headed hydra's attack.
The seven-headed hydra bites you!
* * * LOW HITPOINT WARNING * * *
The seven-headed hydra bites you.
* * * LOW HITPOINT WARNING * * *
The seven-headed hydra bites you.
* * * LOW HITPOINT WARNING * * *
The seven-headed hydra bites you!
You die...

#........###.
#P....... #.#
.......# ##.
##......# #..
#......# #.#
####.....###.)#
####.##.#.....Z###
#P#...kZt....##..k
#@D.....#.#.##..D.
######.#####.+.8t.
##..##### #..#..##
###......#
#..D..#.
#........#
#.......
##.......#
#P...... #.......#
##...... #.......#
#.....(. #.....P##
##......


You could see a seven-headed hydra, a rime drake (fleeing), a crocodile
(fleeing) and a friendly crocodile zombie.

Vanquished Creatures
  A komodo dragon (Lair:1)
  A yak (D:8)
  A water moccasin (Lair:1)
  Purgy (Sewer)
  A sky beast (D:7)
  2 ogres
  3 centaurs
  A wolf (Lair:1)
  A crocodile (Lair:1)
  A bullfrog (D:8)
  A big kobold (D:6)
  A scorpion (D:5)
  3 killer bees (D:8)
  2 howler monkeys
  A crimson imp (D:4)
  2 hounds
  A quasit (D:5)
  5 centaur zombies
  A jelly (D:5)
  Crazy Yiuf (D:7)
  3 orc wizards
  2 iguanas
  6 worker ants
  A big kobold zombie (Ossuary)
  A hound skeleton (D:8)
  2 mummies (Ossuary)
  3 gnolls (D:5)
  A howler monkey skeleton (D:5)
  17 adders
  2 shadow imps
  3 oozes
  A worm (D:2)
  6 leopard geckos
  23 orcs
  4 ball pythons
  7 bats
  6 giant cockroaches
  8 goblins
  6 hobgoblins
  2 jackals (D:1)
  8 kobolds
  3 quokkas
  8 frilled lizards
  A hobgoblin zombie (Ossuary)
  A leopard gecko skeleton (D:5)
  A quokka skeleton (D:6)
  A quokka zombie (D:6)
  8 rats
  A rat zombie (D:6)
167 creatures vanquished.

Vanquished Creatures (collateral kills)
  Gastronok (D:8)
  A two-headed ogre (D:8)
  A sky beast (D:8)
  An ice beast (D:8)
  An ogre (D:7)
  A killer bee (D:8)
  A crimson imp (D:6)
  An iguana (D:7)
  3 big kobold zombies (Ossuary)
  2 mummies (Ossuary)
  A gnoll (D:5)
  An adder skeleton (D:4)
  An orc (D:2)
  A goblin (D:3)
  A hobgoblin (D:3)
  2 kobolds (D:6)
  2 rats
22 creatures vanquished.

Grand Total: 189 creatures vanquished

Notes
Turn   | Place    | Note
-------+----------+-------------------------------------------
     0 | D:1      | nubinia the Deep Elf Necromancer began the quest for the Orb.
     0 | D:1      | Reached XP level 1. HP: 10/10 MP: 6/6
     2 | D:1      | Learned a level 1 spell: Animate Skeleton
    83 | D:1      | Reached skill level 5 in Necromancy
   330 | D:1      | Reached XP level 2. HP: 13/15 MP: 5/8
  1060 | D:2      | Reached XP level 3. HP: 16/19 MP: 6/10
  1351 | D:2      | Learned a level 3 spell: Vampiric Draining
  1371 | D:2      | Reached XP level 4. HP: 19/24 MP: 5/12
  1723 | D:2      | Found a glowing silver altar of Zin.
  1738 | D:2      | Reached skill level 5 in Spellcasting
  2270 | D:3      | Learned a level 4 spell: Control Undead
  2274 | D:3      | Learned a level 3 spell: Regeneration
  2478 | D:3      | Reached XP level 5. HP: 22/28 MP: 11/14
  2906 | D:3      | Found a burning altar of Makhleb.
  2906 | D:3      | Noticed a blizzard demon
  2909 | D:3      | Noticed a smoke demon
  2909 | D:3      | Noticed a hellwing
  3037 | D:4      | Found a shadowy altar of Dithmenos.
  3244 | D:4      | Found a glowing drain.
  3279 | Sewer    | Entered a sewer
  3346 | Sewer    | Noticed Purgy
  3454 | Sewer    | Killed Purgy
  3454 | Sewer    | Reached XP level 6. HP: 24/32 MP: 2/17
  3460 | Sewer    | Learned a level 4 spell: Animate Dead
  3703 | D:4      | Found Urcheen's Magic Scroll Shop.
  3706 | D:4      | Bought a scroll of teleportation for 33 gold pieces
  3789 | D:4      | Found a hide-covered altar of Uskayaw.
  3789 | D:4      | Found a snail-covered altar of Cheibriados.
  3790 | D:4      | Found a stormy altar of Qazlal.
  4700 | D:4      | Found a hazy altar of Hepliaklqana.
  4954 | D:4      | Reached XP level 7. HP: 35/37 MP: 12/19
  4985 | D:5      | Entered Level 5 of the Dungeon
  5342 | D:5      | Found a sparkling altar of Nemelex Xobeh.
  5700 | D:5      | Found a staircase to the Ecumenical Temple.
  5894 | Temple   | Entered the Ecumenical Temple
  5907 | Temple   | Became a worshipper of Sif Muna the Loreminder
  5988 | D:5      | Found a shimmering altar of Xom.
  6233 | D:6      | Identified a scroll of acquirement
  6234 | D:6      | Got a shimmering buckler
  6240 | D:6      | Identified the +0 buckler of the Good {Str+4} (You acquired it on level 6 of the Dungeon)
  6323 | D:6      | Got a crude ruby amulet
  6372 | D:6      | Found a sand-covered staircase.
  6389 | Ossuary  | Entered an ossuary
  6480 | Ossuary  | Reached skill level 1 in Fighting
  6590 | Ossuary  | Identified the amulet "Guny" {Reflect rN++ Str+4 SH+2} (You found it on level 6 of the Dungeon)
  6606 | Ossuary  | Reached XP level 8. HP: 41/43 MP: 20/22
  6756 | Ossuary  | Reached skill level 1 in Charms
  7111 | D:6      | Reached skill level 1 in Maces & Flails
  7272 | D:6      | Reached * piety under Sif Muna
  7664 | D:4      | Bought a scroll of fear for 38 gold pieces
  7804 | D:7      | Found a radiant altar of Vehumet.
  7830 | D:7      | Got an ancient ivory ring
  7831 | D:7      | Identified the ring of Xom's Hope {rPois rN+ Dex+4} (You found it on level 7 of the Dungeon)
  7876 | D:7      | Found a basalt altar of Yredelemnul.
  8642 | D:7      | Found a runed door.
  8646 | D:7      | Noticed Crazy Yiuf
  8651 | D:7      | Killed Crazy Yiuf
  8977 | D:8      | Found a staircase to the Lair.
  9090 | D:8      | Reached skill level 10 in Necromancy
  9094 | D:8      | Noticed a two-headed ogre
  9139 | D:7      | Reached XP level 9. HP: 48/48 MP: 24/24
  9154 | D:8      | Noticed Gastronok
  9226 | D:8      | Reached ** piety under Sif Muna
  9226 | D:8      | Reached skill level 10 in Spellcasting
  9295 | D:8      | Killed a two-headed ogre
  9477 | D:8      | Killed Gastronok
  9477 | D:8      | Reached skill level 1 in Shields
  9477 | D:8      | Reached skill level 5 in Charms
  9539 | D:8      | Reached XP level 10. HP: 38/54 MP: 0/27
  9567 | D:8      | Found a blossoming altar of Fedhas.
  9628 | Lair:1   | Entered Level 1 of the Lair of Beasts
  9731 | Lair:1   | Learned a level 1 spell: Magic Dart
  9735 | Lair:1   | Learned a level 3 spell: Mephitic Cloud
 10023 | Lair:1   | Reached *** piety under Sif Muna
 10041 | Lair:1   | Noticed a seven-headed hydra
 10070 | Lair:1   | Mangled by a seven-headed hydra

Vault maps used:
D:1:      matt_arrival_diagonals, st_stairs_5, minmay_pentomino_z4
D:2:      zin_statuary, minmay_statues_item
D:3:      makhleb_altar_promises_db
D:4:      kennysheep_mini, grunt_dithmenos_smoke_and_mirrors,
          gammafunk_temple_overflow_forgotten, serial_shops,
          kennysheep_mini_moat, gup_sewer_entry_spiral
D:5:      nicolae_overflow_hidden_temple, nemelex_xobeh_ov_fountains_minmay,
          minmay_temple_entry_statues_fountains, first_bread, kennysheep_nub,
          hangedman_decor_clover_reticule
D:6:      enter_ossuary_4
D:7:      lemuel_round_altar, lemuel_doored_altar, grunt_ogre_cave,
          uniq_crazy_yiuf_cottage
D:8:      marbit_many_paths, lair_entry_dummy, uniq_gastronok
Temple:   zaba_magenta_temple
Lair:1:   columned_hall_lemuel, grunt_megastairs_4, infiniplex_staircase_pool
Sewer:    sewer_co_purgy_island
Ossuary:  ossuary_the_hunt_dpeg

Skill      XL: |  1  2  3  4  5  6  7  8  9 |
---------------+----------------------------+-----
Necromancy     | 5 6 7 8 10 11 | 11.4
Spellcasting   | 4 5 6 7 8 9 11 | 11.8
Stealth        | 3 4 |  4.6
Dodging        | 3 4 |  4.6
Fighting       | 1 2 |  2.5
Charms         | 3 5 |  5.8
Maces & Flails | 1 |  1.0
Shields        | 1 |  1.2
Short Blades   | |  0.2
Conjurations   | |  0.9
Poison Magic   | |  0.2
Evocations     | |  0.2

Action                   |  1- 3 |  4- 6 |  7- 9 | 10-12 || total
-------------------------+-------+-------+-------+-------++-------
Melee: Dagger            |       |    40 |       |       ||    40
       Flail             |       |     2 |   292 |    18 ||   312
 Cast: Pain              |    53 |   111 |    79 |       ||   243
       Animate Skeleton  |    12 |    22 |     9 |     1 ||    44
       Vampiric Draining |       |    24 |    25 |    11 ||    60
       Animate Dead      |       |     5 |    19 |     3 ||    27
       Control Undead    |       |     1 |     3 |       ||     4
       Magic Dart        |       |       |       |     2 ||     2
Invok: Divine Energy     |       |       |     1 |       ||     1
Evoke: Wand              |       |       |     3 |       ||     3
  Use: Scroll            |     2 |     9 |     9 |     2 ||    22
       Potion            |       |     5 |     2 |       ||     7
 Stab: Sleeping          |       |     5 |     3 |     1 ||     9
       Distracted        |       |       |     2 |       ||     2
       Confused          |       |       |     1 |       ||     1
  Eat: Chunk             |     1 |    13 |    11 |     2 ||    27
       Fruit             |       |       |     4 |       ||     4
       Royal jelly       |       |       |     1 |       ||     1
Armor: Robe              |     4 |    19 |    96 |     3 ||   122
Dodge: Dodged            |     4 |    78 |   232 |    27 ||   341
Block: Buckler           |       |       |    74 |    10 ||    84
       Reflection        |       |       |     2 |       ||     2
